 Dungeon Crawl Stone Soup version 0.28-a0-1382-g92835e5c71 (webtiles) character file.

Game seed: 2847708226220340748

117 chris0x the Grave Robber (level 4, -9/33 HPs)
             Began as a Mummy Necromancer on Oct 20, 2021.
             Was a Believer of Nemelex Xobeh.
             Killed from afar by an orc wizard (15 damage)
             ... with a puff of flame
             ... on level 4 of the Dungeon on Jan 2, 2022.
             The game lasted 00:15:50 (4263 turns).

chris0x the Grave Robber (Mummy Necromancer)        Turns: 4263, Time: 00:15:51

Health: -9/33      AC:  2    Str: 11    XL:     4   Next: 71%
Magic:  1/9        EV: 12    Int: 16    God:    Nemelex Xobeh [**....]
Gold:   97         SH:  0    Dex: 12    Spells: 2/10 levels left

rFire   x . .      SeeInvis .   d - staff of poison
rCold   + . .      Faith    .   (no shield)
rNeg    + + +      Spirit   .   a - +0 robe
rPois   ∞          Reflect  .   (no helmet)
rElec   .          Harm     .   (no cloak)
rCorr   .          Rampage  .   (no gloves)
Will    .....                   (no boots)
Stlth   ++........              (no amulet)
HPRegen 0.11/turn               (no ring)
MPRegen 0.11/turn               (no ring)

@: no status effects
A: cold resistance 1, negative energy resistance 3, torment resistance 2, heat
vulnerability 1, no potions
a: Renounce Religion, Draw Escape, Draw Destruction, Draw Summoning


You were on level 4 of the Dungeon.
You worshipped Nemelex Xobeh.
Nemelex Xobeh was pleased with you.
You visited 1 branch of the dungeon, and saw 4 of its levels.

You collected 97 gold pieces.

Inventory:

Hand Weapons
 i - a +2 short sword of draining
Missiles
 b - 68 arrows
 f - 94 stones
 h - 16 poisoned darts
Armour
 a - a +0 robe (worn)
 c - a +0 ring mail
Magical Staves
 d - a staff of poison (weapon)


   Skills:
 * Level 1.7 Fighting
 + Level 0.4 Staves
 * Level 2.2 Dodging
 - Level 1.7 Stealth
 * Level 3.5 Spellcasting
 + Level 0.5 Hexes
 * Level 4.4 Necromancy
 + Level 0.4 Ice Magic
 + Level 0.3 Poison Magic
 + Level 0.3 Invocations


You had 2 spell levels left.
You knew the following spells:

 Your Spells              Type           Power      Damage    Failure   Level
a - Pain                  Necr           68%        1d7       3%          1
b - Animate Skeleton      Necr           34%        N/A       3%          1
c - Ozocubu's Armour      Ice            4%         N/A       41%         3
d - Vampiric Draining     Necr           17%        2d7       9%          3

Your spell library contained the following spells:

 Spells                   Type           Power      Damage    Failure   Level
 Animate Dead             Necr           8%         N/A       28%         4
 Dazzling Flash           Conj/Hex       6%         N/A       43%         3
 Agony                    Necr           17%        N/A       63%         5
 Silence                  Hex/Air        1%         N/A       99%         5
 Ozocubu's Refrigeration  Ice            2%         4d5       100%        7


Dungeon Overview and Level Annotations

Branches:
Dungeon (4/15)
 Temple: D:4-7

Altars:
Nemelex Xobeh


Innate Abilities, Weirdness & Mutations

You are immune to poison.
Your flesh is cold resistant. (rC+)
You are immune to negative energy. (rN+++)
You are immune to unholy pain and torment.
You are vulnerable to heat. (rF-)
You do not drink.


Message History

Casting: Pain (safe; 3% risk of failure)
Confirm with . or Enter, or press ? or * to list all spells.
Aiming: Pain (safe; 3% risk of failure)
Press: ? - help, Shift-Dir - straight line, f/p - orc wizard
Aim: an orc wizard, wielding a +0 dagger and wearing a +0 robe of willpower (chance to affect: 39%)
The orc wizard resists with some effort.
The orc wizard gestures at you while chanting.
You resist with some effort.
As you read the scroll labelled AKKEG ASMOIT, it crumbles to dust.
You hear a loud clanging noise!
It was a scroll of noise.
You hear a shout!
Your magical contamination has completely faded away.
You barely miss the orc.
The orc is almost dead.
The orc wizard closely misses you. The orc hits you with a +0 club.
* * * LOW HITPOINT WARNING * * *
You barely miss the orc.
The orc is almost dead.
The orc wizard hits you with a +0 dagger.
* * * LOW HITPOINT WARNING * * *
The orc barely misses you.
The orc wizard hits you with a +0 dagger.
* * * LOW HITPOINT WARNING * * *
Casting: Pain (safe; 3% risk of failure)
Confirm with . or Enter, or press ? or * to list all spells.
You don't have enough magic to cast this spell.
You hit the orc.
You kill the orc!
The orc wizard closely misses you. The orc wizard misses you.
Things that are here:
a +0 club; an orc corpse
Things that are here:
a +0 dagger; a +0 robe; an orc corpse A hobgoblin comes into view.
The orc wizard casts a spell at you. The puff of flame hits you!
The fire burns you terribly!
You die...
Your body disappears without a glow.

### ..# #######.########
.o............>### ###
.. #.###@# ...#..
#.#...#.######.#.#####.#
#......o#...##.........#
#####...#.#!####.#####
#)#...#..........#
#)#.#.#####.####.###
#........ #.# #....
###.#####.#.########
........#.........


You could see an orc wizard.

Vanquished Creatures
  An orc wizard (D:4)
  2 adders
  A worm (D:2)
  5 dart slugs
  2 orcs
  4 ball pythons
  4 bats
  3 endoplasms
  2 giant cockroaches
  6 goblins
  6 hobgoblins
  4 jackals (D:3)
  5 kobolds
  A quokka (D:2)
  5 frilled lizards
  6 rats
57 creatures vanquished.

Notes
Turn   | Place    | Note
-------+----------+-------------------------------------------
     0 | D:1      | chris0x the Mummy Necromancer began the quest for the Orb.
     0 | D:1      | Reached XP level 1. HP: 13/13 MP: 4/4
   125 | D:1      | Upgraded the game from 0.28-a0-691-gad6df49e81 to
                  | 0.28-a0-906-g0406aca7d3
   154 | D:1      | Learned a level 1 spell: Animate Skeleton
   305 | D:1      | Upgraded the game from 0.28-a0-906-g0406aca7d3 to
                  | 0.28-a0-1382-g92835e5c71
   450 | D:1      | Reached XP level 2. HP: 13/20 MP: 1/5
   989 | D:1      | Found a faded altar of an unknown god.
  1000 | D:1      | Prayed at the altar of an unknown god.
  1000 | D:1      | Became a worshipper of Nemelex Xobeh the Trickster
  1000 | D:1      | Reached * piety under Nemelex Xobeh
  1566 | D:2      | Received a gift from Nemelex Xobeh
  1643 | D:2      | Reached XP level 3. HP: 25/25 MP: 4/7
  1657 | D:2      | Reached skill level 1 in Fighting
  1989 | D:2      | Reached ** piety under Nemelex Xobeh
  2628 | D:2      | Learned a level 3 spell: Ozocubu's Armour
  2632 | D:2      | Learned a level 3 spell: Vampiric Draining
  3097 | D:3      | Reached XP level 4. HP: 4/32 MP: 1/8
  3697 | D:3      | Noticed a scorpion
  3757 | D:3      | Noticed a sky beast
  4263 | D:4      | Killed from afar by an orc wizard

Illustrated notes

Levels and vault maps discovered:
D:1:      dpeg_arrival_round_a, layout_basic,
          hellmonk_ecumenical_altar_arch_garden
D:2:      layout_rooms, grunt_decor_clamped, st_stairs_3, kennysheep_potato
D:3:      layout_basic, minmay_guardbox
D:4:      layout_basic, gammafunk_ghost_arena, uniq_eustachio, uniq_grinder

Skill      XL: |  1  2  3 |
---------------+----------+-----
Spellcasting   | 3 |  3.5
Dodging        | 2 |  2.2
Fighting       | 1 |  1.7
Staves         | |  0.4
Stealth        | |  1.7
Hexes          | |  0.5
Necromancy     | |  4.4
Ice Magic      | |  0.4
Poison Magic   | |  0.3
Invocations    | |  0.3

Action                   |  1- 3 |  4- 6 || total
-------------------------+-------+-------++-------
Melee: Unarmed           |     8 |       ||     8
       Club              |    12 |       ||    12
       Staff             |    37 |     3 ||    40
 Cast: Pain              |    88 |    31 ||   119
       Animate Skeleton  |     1 |       ||     1
Invok: Draw Destruction  |     2 |       ||     2
       Draw Escape       |     1 |       ||     1
       Draw Summoning    |     1 |       ||     1
  Use: Scroll            |     3 |     3 ||     6
Armor: Robe              |    13 |       ||    13
Dodge: Dodged            |    67 |     7 ||    74

Table legend: (Time is in decaauts)
 A = Elapsed time spent in this place.
 B = Non-inter-level travel time spent in this place.
 C = Inter-level travel time spent in this place.
 D = Time resting spent in this place.
 E = Time spent auto-exploring this place.
 F = Levels seen in this place.
 G = Mean time per level.
                   A        B        C        D        E       F      G
               +--------+--------+--------+--------+--------+-----+--------+
         Total |   4273 |   4273 |      0 |   1363 |   1992 |   4 | 1068.2 |
       Dungeon |   4273 |   4273 |      0 |   1363 |   1992 |   4 | 1068.2 |
               +--------+--------+--------+--------+--------+-----+--------+

Top non-repeatable levels by time:
     D:2: 1576 daAuts
     D:1: 1453 daAuts
     D:3: 1005 daAuts
     D:4: 239 daAuts
